 Dungeon Crawl Stone Soup version 0.28.0 (webtiles) character file.

Game seed: 13108230606365239812

526 multipassport the Covered (level 7, -3/60 HPs)
             Began as a Minotaur Wanderer on Feb 12, 2022.
             Was a Follower of Okawaru.
             Slain by an orc (5 damage)
             ... on level 4 of the Dungeon.
             The game lasted 00:11:29 (3458 turns).

multipassport the Covered (Minotaur Wanderer)       Turns: 3458, Time: 00:11:29

Health: -3/60      AC: 11    Str: 15    XL:     7   Next: 2%
Magic:  7/9        EV: 10    Int:  8    God:    Okawaru [*.....]
Gold:   200        SH:  0    Dex: 14    Spells: 9/10 levels left

rFire   . . .      SeeInvis .   r - +0 flail
rCold   . . .      Faith    .   (no shield)
rNeg    . . .      Spirit   .   u - +0 chain mail
rPois   .          Reflect  .   c - +0 hat
rElec   .          Harm     .   (no cloak)
rCorr   .          Rampage  .   (no gloves)
Will    .....                   (no boots)
Stlth   ..........              (no amulet)
HPRegen 0.20/turn               (no ring)
MPRegen 0.11/turn               (no ring)

@: heroic
A: horns 2, retaliatory headbutt
a: Renounce Religion, Heroism


You were on level 4 of the Dungeon.
You worshipped Okawaru.
Okawaru was aware of your devotion.
You visited 2 branches of the dungeon, and saw 5 of its levels.

You collected 200 gold pieces.

Inventory:

Hand Weapons
 a - a +2 hunting sling
 g - a +0 scythe
 r - a +0 flail (weapon)
 v - a +0 long sword
Missiles
 m - a throwing net
 x - 14 stones
Armour
 c - a +0 hat (worn)
 u - a +0 chain mail (worn)
Scrolls
 d - a scroll of noise {unknown}
 f - 3 scrolls of summoning {unknown}
 h - 2 scrolls of blinking {unknown}
 i - 2 scrolls of teleportation {unknown}
 j - 7 scrolls of identify {unknown}
 k - a scroll of enchant armour {unknown}
 l - a scroll of vulnerability {unknown}
 n - a scroll of immolation {unknown}
 o - a scroll of fear {unknown}
 t - a scroll of torment {unknown}
 y - a scroll of amnesia {unknown}
Potions
 e - a potion of degeneration {unknown}
 p - a potion of curing {unknown}
 q - a potion of heal wounds {unknown}
 s - 2 potions of might {unknown}
 w - 2 potions of lignification {unknown}


   Skills:
 + Level 4.8(9.8) Fighting
 - Level 4.3(9.3) Slings
 + Level 4.9(9.9) Armour
 + Level 4.4(9.4) Dodging
 - Level 1.5(6.5) Stealth
 - Level 2.1 Spellcasting
 - Level 1.0 Evocations


You had 9 spell levels left.
You knew the following spells:

 Your Spells              Type           Power      Damage    Failure   Level
a - Freeze                Ice            0%         1d3       99%         1

Your spell library contained the following spells:

 Spells                   Type           Power      Damage    Failure   Level
 Gell's Gravitas          Tloc           0%         N/A       100%        3
 Ozocubu's Armour         Ice            0%         N/A       100%        3
 Teleport Other           Tloc           0%         N/A       100%        3
 Dispersal                Tloc           0%         N/A       100%        6
 Summon Ice Beast         Ice/Summ       Unusable   N/A       N/A         4
 Summon Mana Viper        Hex/Summ       Unusable   N/A       N/A         5
 Monstrous Menagerie      Summ           Unusable   N/A       N/A         7

Dungeon Overview and Level Annotations

Branches:
Dungeon (4/15)             Temple (1/1) D:4

Altars:
Ashenzari
Cheibriados
Dithmenos
Elyvilon
Fedhas
Gozag
Hepliaklqana
Makhleb
Nemelex Xobeh
Okawaru
Qazlal
Ru
Trog
Uskayaw
Wu Jian
Xom
Zin
The Shining One

Shops:
D:1 [


Innate Abilities, Weirdness & Mutations

You have a pair of horns on your head.
You reflexively headbutt those who attack you in melee.


Message History

The sling bullet closely misses the orc warrior.
An orc comes into view. It is wielding a +0 short sword.
r - a +0 flail (weapon)
The orc shouts!
The orc warrior hits you with a +0 long sword!
You barely miss the orc warrior.
The orc warrior is lightly wounded.
The orc warrior hits you but does no damage.
You gain the combat prowess of a mighty hero.
The orc warrior hits you with a +0 long sword!
You hit the orc warrior.
The orc warrior is lightly wounded.
The orc warrior hits you with a +0 long sword.
You thump the orc warrior! You headbutt the orc warrior.
The orc warrior is heavily wounded.
The orc warrior hits you with a +0 long sword.
You closely miss the orc warrior.
The orc warrior is heavily wounded.
The orc warrior hits you but does no damage.
The orc closely misses you. You furiously retaliate!
You headbutt the orc!
You kill the orc!
Okawaru accepts your kill.
You hit the orc warrior. Your headbutt misses the orc warrior.
Your punch misses the orc warrior.
The orc warrior is heavily wounded.
The orc warrior hits you with a +0 long sword!
The orc hits you but does no damage.
You barely miss the orc warrior. Your headbutt misses the orc warrior.
The orc warrior is heavily wounded.
The orc warrior hits you with a +0 long sword!
* * * LOW HITPOINT WARNING * * *
The orc barely misses you.
The orc warrior hits you but does no damage.
You hit the orc warrior.
The orc warrior is severely wounded.
The orc hits you but does no damage.
The orc warrior hits you with a +0 long sword!
* * * LOW HITPOINT WARNING * * *
The orc hits you with a +0 short sword.
You die...

............# .....#
............# #....##
.........##.# ##.##(.###
....#.#..#..#######.(......#
##..####..........#........###
##..# #..###..#....[)..##....#
....###..# #####)o.....###...#
...##...## ##.o#.#..#.##.#####
........### #.@...##......##..#
..........# ##.....##.##)......
.......[..#####.....##..##.......
...........#.....#..#...##.......
...........#.....#.....##........
.............##.....######.......
.............####...# #...#....
#...........#####.^.# ##...#....
...###...)....##.#.#####.)..#....


You could see an orc warrior and an orc.

Vanquished Creatures
  A black bear (D:4)
  An ogre (D:4)
  A kobold brigand (D:4)
  A howler monkey (D:4)
  2 hounds
  An orc priest (D:4)
  An iguana (D:4)
  5 adders
  2 dart slugs
  6 orcs (D:4)
  4 endoplasms
  4 giant cockroaches
  9 goblins
  4 hobgoblins
  4 jackals (D:4)
  5 kobolds
  3 quokkas
  8 ball pythons
  9 bats
  6 frilled lizards
  3 rats
80 creatures vanquished.

Vanquished Creatures (others)
  2 plants (D:4)
2 creatures vanquished.

Grand Total: 82 creatures vanquished

Notes
Turn   | Place    | Note
-------+----------+-------------------------------------------
     0 | D:1      | multipassport the Minotaur Wanderer began the quest for the
                  | Orb.
     0 | D:1      | multipassport set off with the following items: a +2
                  | hunting sling, 22 sling bullets, a +0 hat, a +0 leather
                  | armour; and the following spell memorised: Freeze; and the
                  | following spells available to memorise: Ozocubu's Armour
     0 | D:1      | Reached XP level 1. HP: 14/14 MP: 2/2
    79 | D:1      | Reached skill level 1 in Fighting
    79 | D:1      | Reached skill level 1 in Armour
    87 | D:1      | Reached skill level 1 in Dodging
    87 | D:1      | Reached XP level 2. HP: 23/23 MP: 4/4
   307 | D:1      | Found Qibleyst's Armour Shoppe.
   338 | D:1      | Reached XP level 3. HP: 29/29 MP: 5/5
   342 | D:1      | Found a faded altar of an unknown god.
  1201 | D:2      | Reached XP level 4. HP: 37/37 MP: 6/6
  1752 | D:3      | Found a bloodstained altar of Trog.
  2007 | D:3      | Found a glowing silver altar of Zin.
  2097 | D:3      | Found a burning altar of Makhleb.
  2098 | D:3      | Noticed a blizzard demon
  2281 | D:4      | Found a staircase to the Ecumenical Temple.
  2312 | Temple   | Entered the Ecumenical Temple
  2315 | Temple   | Reached XP level 5. HP: 40/45 MP: 7/7
  2367 | Temple   | Became a worshipper of Warmaster Okawaru
  2500 | D:4      | Noticed an ogre
  2505 | D:4      | Killed an ogre
  2607 | D:4      | Reached XP level 6. HP: 52/52 MP: 8/8
  2615 | D:4      | Reached * piety under Okawaru
  2980 | D:4      | Noticed an orc warrior
  3322 | D:4      | Reached XP level 7. HP: 60/60 MP: 9/9
  3457 | D:4      | HP: 2/60 [orc warrior (8)]
  3458 | D:4      | Slain by an orc

Illustrated notes

Levels and vault maps discovered:
D:1:      co_arrival_random_square_maze, layout_basic, serial_glass,
          glass_columns_b, glass_columns_b, glass_columns_b, glass_columns_a,
          serial_shops, nicolae_shop_trees,
          hellmonk_ecumenical_altar_pennies_from_heaven, st_stairs_2
D:2:      layout_basic
D:3:      layout_basic, makhleb_altar_promises_db, zin_treasury,
          trog_three_pillars_becter
D:4:      layout_cave_pools, minmay_temple_entry_overgrown
Temple:   regret_index_temple_waves

Skill      XL: |  1  2  3  4  5  6 |
---------------+-------------------+-----
Fighting       | 1 2 3 4 |  4.8
Armour         | 1 2 3 4 |  4.9
Dodging        | 1 2 3 4 |  4.4
Slings         | |  4.3
Stealth        | |  1.5
Spellcasting   | |  2.1
Evocations     | |  1.0

Action                   |  1- 3 |  4- 6 |  7- 9 || total
-------------------------+-------+-------+-------++-------
Melee: Long sword        |       |     5 |       ||     5
       Flail             |       |       |     7 ||     7
       Headbutt          |       |       |     1 ||     1
 Fire: Hunting sling     |    90 |   103 |     8 ||   201
Invok: Heroism           |       |       |     1 ||     1
Armor: Leather armour    |     7 |       |       ||     7
       Ring mail         |       |     4 |       ||     4
       Chain mail        |       |    21 |     5 ||    26
Dodge: Dodged            |    14 |    12 |     2 ||    28
